 Dungeon Crawl Stone Soup version 0.31-a0-152-g6aa68a64a1 (webtiles) character file.

Game seed: 3807004890392933435

168208 ragingrage the Fencer (level 18, -1/146 HPs)
             Began as a Formicid Monk on June 9, 2023.
             Was the Champion of Okawaru.
             Slain by a demonic crawler (8 damage)
             ... on level 3 of the Spider Nest.
             The game lasted 00:46:06 (30745 turns).

ragingrage the Fencer (Formicid Monk)              Turns: 30745, Time: 00:46:06

Health: -1/146     AC: 37    Str: 21    XL:     18   Next: 57%
Magic:  23/23      EV: 12    Int: 18    God:    Okawaru [******]
Gold:   2316       SH:  0    Dex: 25    Spells: 11/17 levels left

rFire   + + +        a - +3 scimitar (flame)
rCold   . . .        H - orb {light}
rNeg    . . .        L - +10 plate armour of the Solstice {-Tele rF+ Str+5}
rPois   +            (helmet unavailable)
rElec   .            N - +2 cloak {rCorr}
rCorr   +            G - +2 pair of gloves {Dex+3}
SInv    +            u - +2 pair of boots
Will    +....        m - amulet of regeneration Stlth
                     K - +4 ring of slaying
HPRegen 1.24/turn    Y - ring "Qaovvo" {Contam *Slow rPois rF+++ Int+6}
MPRegen 0.18/turn

%: slow self (1%)
@: glowing
A: permanent stasis, dig shafts and tunnels, antennae 3, four strong arms
a: Dig, Shaft Self, Renounce Religion, Heroism, Finesse, Duel


You were on level 3 of the Spider Nest.
You worshipped Okawaru.
Okawaru was exalted by your worship.
You visited 5 branches of the dungeon, and saw 27 of its levels.
You also visited: Trove.

You collected 2877 gold pieces.
You spent 561 gold pieces at shops.

Inventory:

Hand Weapons
 a - a +3 scimitar of flaming (weapon)
 b - a +3 great sword
Missiles
 e - 9 javelins
 k - 21 poisoned darts (quivered)
 q - 4 datura-tipped darts
 x - 5 silver javelins
 V - 5 boomerangs
 W - 4 atropa-tipped darts
 Z - a curare-tipped dart
Armour
 u - a +2 pair of boots (worn)
 G - a +2 pair of gloves of dexterity (worn)
 H - an orb of light (worn)
 L - the +10 plate armour of the Solstice (worn) {-Tele rF+ Str+5}
   (Okawaru gifted it to you on level 5 of the Lair of Beasts)

   Str:       It affects your strength (+5).
   rF:        It protects you from fire.
   -Tele:     It prevents most forms of teleportation.
 N - a +2 cloak of preservation (worn)
Jewellery
 m - an amulet of regeneration (around neck)
 t - the ring "Zoadeto" {Fire rElec Int+8 Dex-5 Stlth+}
   (You found it on level 14 of the Dungeon)

   [ring of fire]

   It enhances your fire magic.
   Int:       It affects your intelligence (+8).
   Dex:       It affects your dexterity (-5).
   rF:        It protects you from fire.
   rC:        It makes you vulnerable to cold.
   rElec:     It insulates you from electricity.
   Stlth:     It makes you more stealthy.
 J - a ring of protection from cold
 K - a +4 ring of slaying (left hand)
 U - the ring of Ismeyroh {rF+ rC- rCorr Int+3 Dex+8}
   (You found it in a treasure trove)

   [ring of protection from fire]

   Int:       It affects your intelligence (+3).
   Dex:       It affects your dexterity (+8).
   rF:        It protects you from fire.
   rC:        It makes you vulnerable to cold.
   rCorr:     It protects you from acid and corrosion.
 Y - the ring "Qaovvo" (right hand) {Contam *Slow rPois rF+++ Int+6}
   (You found it in a treasure trove)

   [ring of intelligence]

   Int:       It affects your intelligence (+6).
   rF:        It renders you almost immune to fire.
   rPois:     It protects you from poison.
   Contam:    It causes magical contamination when unequipped.
   *Slow:     It may slow you when you take damage.
Wands
 f - a wand of digging (24)
 j - a wand of mindburst (9)
 n - a wand of paralysis (7)
 y - a wand of iceblast (10)
 R - a wand of flame (19)
Scrolls
 c - 2 scrolls of immolation
 h - 3 scrolls of torment
 p - 3 scrolls of enchant weapon
 s - 4 scrolls of amnesia
 v - 7 scrolls of fog
 D - 4 scrolls of poison
 E - 3 scrolls of magic mapping
 I - 2 scrolls of identify
 O - a scroll of silence
 P - a scroll of brand weapon
 Q - 3 scrolls of vulnerability
 X - a scroll of fear
Potions
 d - 2 potions of heal wounds
 g - 7 potions of curing
 i - 4 potions of enlightenment
 l - 4 potions of mutation
 o - 6 potions of brilliance
 r - 2 potions of resistance
 w - 3 potions of invisibility
 A - 3 potions of lignification
 B - 3 potions of ambrosia
 F - 3 potions of attraction
 M - 2 potions of cancellation
 S - 3 potions of might
Miscellaneous
 z - a phial of floods
 C - a piece from Xom's chessboard (15/15)
 T - a lightning rod (4/4)


   Skills:
 - Level 14.0 Fighting
 + Level 17.7 Long Blades
 + Level 13.8 Throwing
 - Level 14.0 Armour
 - Level 7.2 Dodging
 - Level 5.0 Stealth
 - Level 7.0 Invocations
 - Level 13.0 Evocations


You had 11 spell levels left.
You knew the following spells:

 Your Spells              Type           Power      Damage    Failure   Level
a - Passwall              Tmut/Erth      0%         N/A       98%         2
b - Manifold Assault      Tloc           0%         N/A       100%        4

Your spell library contained the following spells:

 Spells                   Type           Power      Damage    Failure   Level
 Apportation              Tloc           0%         N/A       94%         1
 Freeze                   Ice            0%         1d3       94%         1
 Necrotise                Necr           0%         1d4       94%         1
 Shock                    Conj/Air       0%         1d3       94%         1
 Ensorcelled Hibernation  Hex/Ice        0%         N/A       98%         2
 Lesser Beckoning         Tloc           0%         N/A       98%         2
 Scorch                   Fire           0%         2d5       98%         2
 Frozen Ramparts          Ice            0%         1d1       100%        3
 Gell's Gravitas          Tloc           0%         N/A       100%        3
 Hailstorm                Conj/Ice       0%         3d3       100%        3
 Inner Flame              Hex/Fire       0%         N/A       100%        3
 Ozocubu's Armour         Ice            0%         N/A       100%        3
 Stone Arrow              Conj/Erth      0%         3d7       100%        3
 Teleport Other           Tloc           0%         N/A       100%        3
 Vampiric Draining        Necr           0%         2d6       100%        3
 Volatile Blastmotes      Fire/Tloc      0%         2d10      100%        3
 Airstrike                Air            0%         2d(0-16)  100%        4
 Flame Wave               Conj/Fire      0%         2d4       100%        4
 Fulminant Prism          Conj/Hex       0%         3d5       100%        4
 Iskenderun's Mystic Bla  Conj/Tloc      0%         2d3       100%        4
 Sticky Flame             Conj/Fire      0%         2d3       100%        4
 Agony                    Necr           0%         N/A       100%        5
 Alistair's Intoxication  Tmut/Pois      0%         N/A       100%        5
 Fireball                 Conj/Fire      0%         3d3       100%        5
 Iskenderun's Battlesphe  Conj           0%         2d6       100%        5
 Lee's Rapid Deconstruct  Erth           0%         3d4*      100%        5
 Metabolic Englaciation   Hex/Ice        0%         N/A       100%        5
 Conjure Ball Lightning   Conj/Air       0%         3x3d6     100%        6
 Dispersal                Tloc           0%         N/A       100%        6
 Orb of Destruction       Conj           0%         9d5       100%        7
 Ozocubu's Refrigeration  Ice            0%         4d7       100%        7
 Discord                  Hex            0%         N/A       100%        8
 Disjunction              Tloc           0%         N/A       100%        8
 Lehudib's Crystal Spear  Conj/Erth      0%         10d2      100%        8
 Swiftness                Air            Unusable   N/A       N/A         3
 Animate Armour           Summ/Erth      Unusable   N/A       N/A         4
 Summon Ice Beast         Ice/Summ       Unusable   N/A       N/A         4
 Summon Mana Viper        Hex/Summ       Unusable   N/A       N/A         5
 Simulacrum               Ice/Necr       Unusable   N/A       N/A         6
 Summon Cactus Giant      Summ           Unusable   N/A       N/A         6
 Monstrous Menagerie      Summ           Unusable   N/A       N/A         7

Dungeon Overview and Level Annotations

Branches:
Dungeon (15/15)            Temple (1/1) D:7            Lair (5/5) D:10
 Shoals (0/4) Lair:3       Spider (4/4) Lair:2        Slime (0/5) Lair:4
    Orc (2/2) D:10            Elf (0/3) Orc:2        Vaults (0/5) D:13
 Depths (0/4) D:15

Altars:
Ashenzari
Cheibriados
Dithmenos
Elyvilon
Fedhas
Gozag
Hepliaklqana
Kikubaaqudgha
Makhleb
Nemelex Xobeh
Okawaru
Qazlal
Ru
Sif Muna
Trog
Uskayaw
Vehumet
Xom
Yredelemnul
Zin
The Shining One

Shops:
D:8 *   D:10 :   D:12 [   Orc:2 (*![(::

Annotations:
D:8 1 runed translucent door, exclusions: electric eel and 1 more exclusion, bungle's ghost, novice DsGl
D:11 2 runed translucent doors, olddryhag's ghost, journeyman DsVM
D:13 2 transporters, jasper's ghost, journeyman SpSu
Lair:1 exclusion: downstairs
Lair:3 exclusion: 4 oklob plants
Lair:5 1 runed translucent door


Innate Abilities, Weirdness & Mutations

You cannot be hasted, slowed, berserked, paralysed or teleported.
You can dig through walls and to a lower floor.
You have a pair of large antennae on your head. (SInv)
Your four strong arms can wield two-handed weapons with a shield.


Message History

You slash the demonic crawler! You burn the demonic crawler.
The demonic crawler closely misses you.
The demonic crawler hits you but does no damage. x2
You hit the demonic crawler but do no damage.
The demonic crawler barely misses you.
The demonic crawler hits you but does no damage.
The demonic crawler hits you!
* * * LOW HITPOINT WARNING * * *
You hit the demonic crawler. You burn the demonic crawler.
The demonic crawler hits you but does no damage. x2
The demonic crawler barely misses you.
You hit the demonic crawler. You burn the demonic crawler.
You slash the demonic crawler! You burn the demonic crawler.
The demonic crawler closely misses you.
The demonic crawler hits you but does no damage.
The demonic crawler barely misses you.
You hit the demonic crawler. You burn the demonic crawler.
The demonic crawler hits you but does no damage. x3
You hit the demonic crawler. You burn the demonic crawler.
The demonic crawler hits you but does no damage.
The demonic crawler barely misses you. The demonic crawler hits you.
* * * LOW HITPOINT WARNING * * *
You slash the demonic crawler! You burn the demonic crawler.
The demonic crawler hits you but does no damage.
The demonic crawler hits you.
* * * LOW HITPOINT WARNING * * *
The demonic crawler closely misses you.
You hit the demonic crawler but do no damage.
The demonic crawler hits you but does no damage.
The demonic crawler hits you.
* * * LOW HITPOINT WARNING * * *
The demonic crawler hits you.
* * * LOW HITPOINT WARNING * * *
You hit the demonic crawler. You burn the demonic crawler.
The demonic crawler hits you!
* * * LOW HITPOINT WARNING * * *
The demonic crawler hits you.
* * * LOW HITPOINT WARNING * * *
The demonic crawler hits you!
You die...

###.^ #..^....#.... #. #.#..
###.[[.##... { #.
#^...###.##..##..## ##.
..##^....#..##..#..^# #..
#...!(...##..#.†..## #..
^.....†.!.#..#†.^..# .##..
######.†.#.....##### ..#...
#........#.....#.#.#...##..
##...).#.s@....#..^#..##...
..^..##..#.†...†.^......#....
#... #..##..##....†....##^...
### #{..#..##...#....###.....
#....#.$#....#..####......
s)..#^#####...#^## #...^...
##...#.#.......### ##^.....
^#^#####.......# { ##.....
{#..###....## ##....


You could see a demonic crawler.

Vanquished Creatures
  Nikola (Spider:2)
  Arachne (Spider:2)
  Jorgrun (D:12)
  Agnes (Spider:2)
  A tengu reaver (D:14)
  3 emperor scorpions
  A frost giant (D:14)
  2 ghost moths (Spider:2)
  A very ugly thing (D:15)
  Azrael (D:13)
  Nessos (D:14)
  2 spark wasps
  An ettin (Orc:1)
  2 yaktaur captains (D:14)
  2 fire dragons (D:15)
  A great orb of eyes (D:15)
  2 entropy weavers
  5 vault guards
  A jorogumo (Spider:2)
  2 radroaches (Spider:3)
  7 hydras
  2 rakshasas
  5 two-headed ogres
  A catoblepas (D:13)
  3 centaur warriors
  7 boulder beetles
  A tengu warrior (D:13)
  Urug (Lair:3)
  3 orc high priests (Orc:2)
  7 demonic crawlers
  A skyshark (Lair:2)
  Lodul (D:12)
  2 sun moths
  4 pharaoh ants
  6 orb spiders
  3 steelbarb worms
  A necromancer (Spider:3)
  9 wolf spider zombies (Spider:3)
  Pikel (D:8)
  A deep elf pyromancer (D:14)
  A harpy (Lair:3)
  A lindwurm (Lair:5)
  18 wolf spiders
  11 ugly things
  5 orc knights
  6 cyclopes
  6 orc sorcerers
  3 moths of wrath
  18 elephants
  11 black mambas
  3 manticores
  2 gargoyles (D:13)
  A guardian serpent (Lair:5)
  9 torpor snails
  A molten gargoyle (D:12)
  18 cane toads
  An unseen horror (D:13)
  An efreet (D:15)
  2 kobold demonologists
  2 yaktaurs (D:13)
  5 rime drakes
  2 tengu conjurers
  13 redback zombies (Spider:3)
  6 komodo dragons
  6 trolls
  7 meliai
  2 wind drakes (shapeshifter)
  26 tarantellas
  9 hornets (Lair:5)
  15 blink frogs
  Grinder (D:6)
  4 tyrant leeches (Lair:5)
  8 tarantella zombies (Spider:3)
  7 dream sheep (Lair:5)
  3 culicivora zombies (Spider:3)
  24 culicivoras
  7 slime creatures
  A spriggan (shapeshifter) (D:15)
  40 jumping spiders
  3 water elementals
  A vampire (D:13)
  2 wraiths
  A centaur simulacrum (D:13)
  3 shadows
  4 fire elementals
  11 wyverns
  59 yaks
  5 basilisks
  40 redbacks
  2 steam dragons (D:8)
  2 vampire mosquitoes (D:12)
  4 wargs (Orc:2)
  Menkaure (D:7)
  A harpy simulacrum (D:15)
  An acid dragon (D:13)
  A floating eye (shapeshifter) (D:15)
  2 hell hounds
  23 water moccasins
  18 orc warriors
  5 ice beasts
  2 meliai simulacra (D:14)
  19 wolves
  7 ogres
  10 centaurs
  2 kobold brigands (D:9)
  2 phantoms
  6 bullfrogs
  2 scorpions
  A gnoll sergeant (D:7)
  10 wights
  5 killer bees (D:9)
  6 electric eels
  3 howler monkeys
  A lava snake (D:12)
  9 hounds
  A gnoll bouda (D:6)
  11 orc priests
  2 iguanas
  2 sleepcaps
  21 orc wizards
  7 hell rats (Lair:2)
  Terence (D:3)
  Robin (D:2)
  9 gnolls
  7 adders
  3 shadow imps
  2 white imps (D:8)
  An ufetubus (D:8)
  A worm (D:3)
  A dart slug (D:2)
  47 orcs
  8 ball pythons
  6 endoplasms
  4 giant cockroaches
  4 hobgoblins
  6 jackals
  A quokka (D:5)
  5 bats
  A frilled lizard (D:2)
  14 goblins
  16 kobolds
  5 rats
865 creatures vanquished.

Vanquished Creatures (collateral kills)
  2 blink frogs (Lair:5)
  3 ogres (D:12)
  An orc priest (Orc:2)
6 creatures vanquished.

Vanquished Creatures (others)
  An orc knight (Orc:2)
  An orc sorcerer (Orc:2)
  A kobold demonologist (D:11)
  2 ogres (D:12)
5 creatures vanquished.

Grand Total: 876 creatures vanquished

Notes
Turn   | Place    | Note
-------+----------+-------------------------------------------
     0 | D:1      | ragingrage the Formicid Monk began the quest for the Orb.
     0 | D:1      | Reached XP level 1. HP: 18/18 MP: 1/1
   115 | D:1      | Reached XP level 2. HP: 24/24 MP: 2/2
   368 | D:1      | Reached skill level 4 in Long Blades
   368 | D:1      | Reached XP level 3. HP: 27/29 MP: 3/3
   633 | D:2      | Noticed Robin
   683 | D:2      | Killed Robin
   715 | D:2      | Reached XP level 4. HP: 26/35 MP: 4/4
  1039 | D:2      | Reached skill level 5 in Long Blades
  1402 | D:2      | Identified the ring "Nocwukh" {Wiz Contam Will- rCorr
                  | Dex+7}
  1721 | D:3      | Reached XP level 5. HP: 39/41 MP: 5/5
  2081 | D:3      | Noticed Terence
  2097 | D:3      | Killed Terence
  2442 | D:4      | Found a blossoming altar of Fedhas.
  2472 | D:4      | Found a shimmering altar of Xom.
  2511 | D:4      | Found a glowing golden altar of the Shining One.
  2754 | D:4      | Identified the +2 robe of Death Resistance {Rampage
                  | *Corrode Str+2 Stlth+}
  2862 | D:5      | Entered Level 5 of the Dungeon
  2862 | D:5      | Found a bloodstained altar of Trog.
  2881 | D:4      | Reached skill level 6 in Long Blades
  3071 | D:5      | Reached XP level 6. HP: 43/47 MP: 6/6
  3126 | D:5      | Reached skill level 7 in Long Blades
  3385 | D:5      | Reached XP level 7. HP: 49/52 MP: 7/7
  3525 | D:5      | Found a stormy altar of Qazlal.
  3907 | D:6      | Reached skill level 8 in Long Blades
  4132 | D:6      | Reached XP level 8. HP: 14/58 MP: 8/8
  4459 | D:6      | Reached skill level 9 in Long Blades
  4963 | D:6      | Found a hazy altar of Hepliaklqana.
  4989 | D:6      | Noticed Grinder
  4999 | D:6      | Killed Grinder
  5000 | D:6      | Reached skill level 10 in Long Blades
  5078 | D:6      | Found a glowing silver altar of Zin.
  5079 | D:6      | Found an opulent altar of Gozag.
  5318 | D:7      | Noticed Menkaure
  5364 | D:7      | Killed Menkaure
  5469 | D:7      | Found a staircase to the Ecumenical Temple.
  5487 | Temple   | Entered the Ecumenical Temple
  5559 | Temple   | Became a worshipper of Warmaster Okawaru
  5559 | Temple   | Reached * piety under Okawaru
  5559 | Temple   | Reached ** piety under Okawaru
  5640 | D:7      | Found a broken altar of Ashenzari.
  6027 | D:7      | Reached skill level 11 in Long Blades
  6027 | D:7      | Reached XP level 9. HP: 45/64 MP: 9/9
  6139 | D:8      | Found Zuesar's Assorted Antiques.
  6144 | D:8      | Bought a pair of embroidered gloves for 157 gold pieces
  6149 | D:8      | Bought a lumpy emerald potion for 18 gold pieces
  6377 | D:8      | Reached skill level 1 in Invocations
  6388 | D:8      | Noticed Pikel
  6403 | D:8      | Killed Pikel
  6403 | D:8      | Reached *** piety under Okawaru
  6404 | D:8      | Reached skill level 12 in Long Blades
  7032 | D:8      | Reached skill level 13 in Long Blades
  7032 | D:8      | Reached XP level 10. HP: 15/70 MP: 12/12
  7538 | D:8      | Reached **** piety under Okawaru
  7565 | D:8      | Found a runed translucent door.
  7567 | D:8      | Found a shimmering altar of Xom.
  7567 | D:8      | Noticed bungle's ghost (novice DsGl)
  7567 | D:8      | Noticed a +2 mace of chaos
  7971 | D:9      | Reached skill level 1 in Throwing
  8347 | D:9      | Found a basalt altar of Yredelemnul.
  8621 | D:9      | Noticed a two-headed ogre
  8634 | D:9      | Killed a two-headed ogre
  8635 | D:9      | Reached skill level 14 in Long Blades
  8903 | D:9      | Found a snail-covered altar of Cheibriados.
  8959 | D:9      | Reached skill level 5 in Throwing
  8970 | D:9      | Reached ***** piety under Okawaru
  9015 | D:9      | Found an ancient bone altar of Kikubaaqudgha.
  9315 | D:10     | Entered Level 10 of the Dungeon
  9519 | D:10     | Found a shadowy altar of Dithmenos.
  9730 | D:10     | Noticed a vault guard
  9756 | D:10     | Killed a vault guard
  9757 | D:10     | Reached skill level 1 in Armour
  9757 | D:10     | Reached skill level 1 in Evocations
  9757 | D:10     | Reached XP level 11. HP: 33/76 MP: 13/13
  9894 | D:10     | Found a portal to a secret trove of treasure.
  9914 | D:10     | Found Jiumaeta's Tremendous Tomes.
 10090 | D:10     | Received a gift from Okawaru
 10128 | D:10     | Found a staircase to the Lair.
 10244 | D:10     | Found a radiant altar of Vehumet.
 10379 | D:10     | Found a staircase to the Orcish Mines.
 10437 | D:10     | Found a burning altar of Makhleb.
 10456 | D:10     | Received a gift from Okawaru
 10535 | D:10     | Reached skill level 5 in Invocations
 10539 | D:10     | Reached skill level 5 in Fighting
 11174 | D:11     | Noticed a cyclops
 11175 | D:11     | Noticed a two-headed ogre
 11230 | D:10     | Killed a two-headed ogre
 11391 | D:11     | Killed a cyclops
 11654 | D:11     | Found a runed translucent door.
 11679 | D:11     | Noticed a necromancer
 11687 | D:11     | Noticed a deep elf pyromancer
 11687 | D:11     | Noticed a lich
 11687 | D:11     | Noticed an ogre mage
 11687 | D:11     | Noticed a tengu reaver
 11688 | D:11     | Noticed olddryhag's ghost (journeyman DsVM)
 11695 | D:11     | Found a runed translucent door.
 11745 | D:11     | Found a sparkling altar of Nemelex Xobeh.
 11775 | D:11     | Noticed a manticore
 11795 | D:11     | Killed a manticore
 11796 | D:11     | Reached XP level 12. HP: 71/87 MP: 16/16
 12223 | Lair:1   | Entered Level 1 of the Lair of Beasts
 12295 | Lair:1   | Reached skill level 5 in Dodging
 12327 | Lair:1   | Reached skill level 5 in Armour
 12337 | Lair:1   | Reached skill level 5 in Evocations
 12631 | Lair:1   | Identified the +3 chain mail "Dooxt" {Slay+3} (Okawaru
                  | gifted it to you on level 1 of the Lair of Beasts)
 12631 | Lair:1   | Received a gift from Okawaru
 12681 | Lair:1   | Noticed a boulder beetle
 12697 | Lair:1   | Killed a boulder beetle
 13085 | Trove    | Entered a treasure trove
 13102 | Trove    | Identified the ring of Ehism {Fire rN+}
 13110 | Trove    | Identified the ring of Ismeyroh {rF+ rC- rCorr Int+3 Dex+8}
 13114 | Trove    | Identified the amulet "Filub" {RegenMP Contam rPois Str+3}
 13118 | Trove    | Identified the ring "Qaovvo" {Contam *Slow rPois rF+++
                  | Int+6}
 13514 | Lair:2   | Noticed a six-headed hydra
 13557 | Lair:2   | Noticed a six-headed hydra
 13566 | Lair:2   | Killed a four-headed hydra
 13615 | Lair:2   | Noticed a skyshark
 13626 | Lair:2   | Killed a skyshark
 13947 | Lair:2   | Found a hole to the Spider Nest.
 14337 | D:11     | Reached XP level 13. HP: 100/100 MP: 18/18
 14437 | D:12     | Noticed Lodul
 14453 | D:12     | Killed Lodul
 14929 | D:12     | Found Tupn's Antique Armour Boutique.
 14945 | D:12     | Reached skill level 10 in Fighting
 15610 | D:12     | Noticed Jorgrun
 15702 | D:12     | Killed Jorgrun
 16180 | Lair:2   | Killed a three-headed hydra
 16212 | Lair:2   | Reached skill level 10 in Armour
 16387 | Lair:3   | Noticed Urug
 16463 | Lair:3   | Killed Urug
 16563 | Lair:3   | Received a gift from Okawaru
 16712 | Lair:3   | Noticed a four-headed hydra
 16724 | Lair:3   | Killed a one-headed hydra
 16725 | Lair:3   | Reached XP level 14. HP: 110/110 MP: 19/19
 16744 | Lair:3   | Found a staircase to the Shoals.
 18110 | Lair:4   | Received a gift from Okawaru
 18189 | Lair:4   | Found a staircase to the Slime Pits.
 18272 | Lair:5   | Entered Level 5 of the Lair of Beasts
 18347 | Lair:5   | Received a gift from Okawaru
 18413 | Lair:5   | Reached skill level 1 in Stealth
 18468 | Lair:5   | Reached skill level 10 in Evocations
 18771 | Lair:5   | Learned a level 2 spell: Passwall
 18921 | Lair:5   | Received a gift from Okawaru
 19112 | Lair:5   | Reached ****** piety under Okawaru
 19119 | Lair:5   | Reached XP level 15. HP: 78/119 MP: 20/20
 19289 | Lair:5   | Received a gift from Okawaru
 19435 | Lair:5   | Received a gift from Okawaru
 19468 | Lair:5   | Reached skill level 5 in Stealth
 19673 | Lair:5   | Identified the +10 plate armour of the Solstice {-Tele rF+
                  | Str+5} (Okawaru gifted it to you on level 5 of the Lair of
                  | Beasts)
 19673 | Lair:5   | Received a gift from Okawaru
 19835 | Lair:5   | Found a runed translucent door.
 20532 | Orc:1    | Entered Level 1 of the Orcish Mines
 20956 | Orc:2    | Entered Level 2 of the Orcish Mines
 20957 | Orc:2    | Found a staircase to the Elven Halls.
 21053 | Orc:2    | Found Leizasyo's Antique Weapon Emporium.
 21123 | Orc:2    | Found Ugrodiuth's General Store.
 21170 | Orc:2    | Bought a twisted long sword for 246 gold pieces
 21170 | Orc:2    | Identified the +3 long sword "Vuemi" {flame, rPois Str+3
                  | Dex+2} (You bought it in a shop on level 2 of the Orcish
                  | Mines)
 21509 | Orc:2    | Found Zuelooc's Book Shoppe.
 21514 | Orc:2    | Found Pusel's Book Shop.
 21521 | Orc:2    | Found Rovec Tozy's Antique Weapon Shop.
 21523 | Orc:2    | Found Sitriuq's Armour Shoppe.
 21573 | Orc:2    | Found Wimm's Distillery.
 21582 | Orc:2    | Bought 2 potions of heal wounds for 140 gold pieces
 21905 | D:13     | Noticed jasper's ghost (journeyman SpSu)
 22004 | D:13     | Found a transporter.
 22228 | D:13     | Identified the +0 scale mail "Xuitoce" {rF+ Str+3 Int-2}
                  | (Okawaru gifted it to you on level 13 of the Dungeon)
 22228 | D:13     | Received a gift from Okawaru
 22259 | D:13     | Reached XP level 16. HP: 129/129 MP: 17/21
 22272 | D:13     | Learned a level 4 spell: Manifold Assault
 22844 | D:13     | Found a transporter.
 23041 | D:13     | Found a gate to the Vaults.
 23196 | D:14     | Noticed Nessos
 23207 | D:14     | Killed Nessos
 23532 | D:14     | Noticed Azrael
 23608 | D:13     | Killed Azrael
 23660 | D:14     | Reached skill level 15 in Long Blades
 23888 | D:14     | Noticed a tengu reaver
 23895 | D:14     | Killed a tengu reaver
 23900 | D:14     | Identified the ring "Zoadeto" {Fire rElec Int+8 Dex-5
                  | Stlth+}
 23930 | D:14     | Noticed a frost giant
 23939 | D:14     | Killed a frost giant
 23939 | D:14     | Received a gift from Okawaru
 24167 | D:15     | Entered Level 15 of the Dungeon
 24372 | D:15     | Reached skill level 10 in Throwing
 25473 | D:15     | Identified the +1 ring mail "Zaosops" {Fly Regen+} (Okawaru
                  | gifted it to you on level 15 of the Dungeon)
 25473 | D:15     | Received a gift from Okawaru
 25675 | D:15     | Found a staircase to the Depths.
 25850 | Spider:1 | Entered Level 1 of the Spider Nest
 26058 | Spider:1 | Reached XP level 17. HP: 124/133 MP: 22/22
 26589 | Spider:1 | Identified the +8 lajatang of Awkwardness {flame, rPois}
 27413 | Spider:2 | Noticed Agnes
 27424 | Spider:2 | Killed Agnes
 27765 | Spider:2 | Reached skill level 16 in Long Blades
 28006 | Spider:2 | Noticed Nikola
 28051 | Spider:2 | Identified the +0 pair of gloves "Vejeqeej" {+Blink rN+
                  | Dex-3} (Okawaru gifted it to you on level 2 of the Spider
                  | Nest)
 28051 | Spider:2 | Received a gift from Okawaru
 28064 | Spider:2 | Killed Nikola
 28141 | Spider:2 | Noticed Arachne
 28160 | Spider:2 | Killed Arachne
 29546 | Spider:3 | Reached XP level 18. HP: 141/146 MP: 23/23
 29672 | Spider:3 | Reached skill level 17 in Long Blades
 29722 | Spider:3 | Identified the staff of earth "Xudobal" {rC- Str+4}
 29744 | Spider:4 | Entered Level 4 of the Spider Nest
 30514 | Spider:3 | Received a gift from Okawaru
 30689 | Spider:3 | Received a gift from Okawaru
 30745 | Spider:3 | HP: 7/146 [demonic crawler (4)]
 30745 | Spider:3 | Slain by a demonic crawler

Illustrated notes

Levels and vault maps discovered:
D:1:      dpeg_arrival_tiny_f, layout_rooms
D:2:      layout_basic, uniq_robin
D:3:      layout_loops_ring, uniq_terence
D:4:      layout_cave_pools, fedhas_altar_2, tso_oasis_becter,
          general_overflow_altar
D:5:      layout_basic, trog_three_pillars_becter,
          nicolae_qazlal_scattered_showers, hangedman_abyss_or_decor_stagger
D:6:      layout_layer_cave, grunt_temple_overflow_gold_and_silver,
          kennysheep_mini, chequers_hall_statues_y, uniq_grinder
D:7:      layout_basic, nicolae_ashenzari_skybound,
          minmay_temple_entry_sparse_star, uniq_menkaure
D:8:      layout_rooms, serial_ice, serial_ice_l, serial_ice_c, serial_ice_f,
          serial_ice_o, ebering_ghost_xom, serial_shops,
          nicolae_shop_overgrown_old_shop, uniq_pikel
D:9:      layout_stronghold, mainiacjoe_overflow_24_doors,
          mainiacjoe_overflow_alcove_4, mainiacjoe_overflow_alcove_1,
          serial_co_window_serial, co_window_of_opportunity_a,
          co_window_corner_a, co_window_of_opportunity_a,
          co_window_of_opportunity_a, co_window_paths_a,
          co_window_unsneaky_path_a, co_window_corner_ca, co_window_paths_c,
          co_window_4corner_b, co_window_sun
D:10:     layout_basic, nicolae_dithmenos_shadow_blocks, vehumet_crystals,
          mainiacjoe_overflow_brackets, erik_lair_island, enter_trove_5,
          minmay_misc_feat_nine_boxes, nicolae_shop_i_like_big_books,
          grunt_ministairs_15
D:11:     layout_basic, muffindrake_ghost_dual_entry,
          nemelex_diamond_rough_becter
D:12:     layout_basic, kennysheep_diamond, uniq_jorgrun, uniq_lodul
D:13:     layout_big_octagon, grunt_vaults_entry_fortified,
          gammafunk_ghost_stat_death
D:14:     cross_vault, layout_cave_pools, dk_noncrumbling_4, uniq_nessos,
          uniq_azrael
D:15:     gammafunk_enter_depths_forms, layout_stronghold, grunt_decor_arrowhead
Temple:   nicolae_temple_superstar
Lair:1:   layout_concentric_octagons, lemuel_old_faithful
Lair:2:   layout_long_grid, dummy_spider_entry, chequers_serial_rivers_small_a,
          infiniplex_staircase_pool_2
Lair:3:   layout_regular_city, nicolae_shoals_entry_roost, dpeg_oklob_1,
          grunt_megastairs_4, uniq_urug
Lair:4:   layout_roguey, dpeg_slime_entry_corner, grunt_megastairs_1
Lair:5:   wormcave, layout_regular_city, hangedman_lair_tendril_chambers
Spider:1: nicolae_spider_mines_1, hangedman_spider_tarantella_strand
Spider:2: nicolae_spider_hilbert_zone_6 [nicolae_spider_hilbert_4_sides_1_open,
          nicolae_spider_hilbert_4_sides_1_open,
          nicolae_spider_hilbert_4_sides_1_open,
          nicolae_spider_hilbert_4_sides_1_open,
          nicolae_spider_hilbert_4_sides_1_open,
          nicolae_spider_hilbert_4_sides_1_open,
          nicolae_spider_hilbert_4_sides_1_open], uniq_arachne, uniq_agnes,
          uniq_nikola
Spider:3: lemuel_spider_zombies, nicolae_spider_jagged_tunnels, uniq_bai_suzhen
Spider:4: grunt_spider_rune_circles
Orc:1:    layout_caves
Orc:2:    st_orc_elflike, layout_caves, serial_shops, nicolae_lakefront_shop,
          nicolae_shop_peninsula, shop

Skill      XL: |  1  2  3  4  5  6  7  8  9 10 11 12 13 14 15 16 17 18 |
---------------+-------------------------------------------------------+-----
Long Blades    | 4 5 6 7 8 11 13 14 15 16 17 | 17.7
Invocations    | 3 6 7 |  7.0
Throwing       | 6 7 9 10 12 13 | 13.8
Armour         | 1 4 8 11 12 13 14 | 14.0
Dodging        | 3 4 5 6 7 |  7.2
Evocations     | 1 4 5 9 10 11 12 13 | 13.0
Fighting       | 5 8 10 11 12 13 14 | 14.0
Stealth        | 4 5 |  5.0

Action                     |  1- 3 |  4- 6 |  7- 9 | 10-12 | 13-15 | 16-18 || total
---------------------------+-------+-------+-------+-------+-------+-------++-------
  Melee: Falchion          |    80 |   190 |   332 |   272 |       |       ||   874
         Dagger            |       |       |       |    60 |       |       ||    60
         Scimitar          |       |       |       |   325 |    69 |  1100 ||  1494
         Hand axe          |       |       |       |     2 |    34 |       ||    36
         Long sword        |       |       |       |       |   937 |   125 ||  1062
   Fire: Orcbow            |       |       |    11 |     4 |       |       ||    15
  Throw: Dart              |       |       |    13 |    20 |    16 |    94 ||   143
         Boomerang         |       |       |       |       |       |    27 ||    27
 Invoke: Heroism           |       |       |       |     1 |     2 |     2 ||     5
         Finesse           |       |       |       |       |     1 |       ||     1
Ability: Dig               |       |       |       |     1 |       |     1 ||     2
  Evoke: Wand              |       |       |     7 |    14 |     1 |     6 ||    28
         Lightning rod     |       |       |       |       |     4 |    11 ||    15
    Use: Potion            |     1 |     1 |       |     2 |     3 |     2 ||     9
         Scroll            |       |     5 |     1 |    12 |     8 |     5 ||    31
   Stab: Invisible         |       |       |       |     3 |       |       ||     3
         Paralysed         |       |       |       |     6 |       |     8 ||    14
         Distracted        |       |       |       |       |     1 |       ||     1
         Petrifying        |       |       |       |       |       |     1 ||     1
         Petrified         |       |       |       |       |       |     1 ||     1
 Armour: Ring mail         |    25 |    19 |       |       |       |       ||    44
         Robe              |     1 |       |       |       |       |       ||     1
         Scale mail        |       |    71 |   137 |       |       |       ||   208
         Steam dragon scal |       |       |     6 |   108 |       |       ||   114
         Chain mail        |       |       |       |    91 |   377 |       ||   468
         Troll leather arm |       |       |       |    13 |       |       ||    13
         Plate armour      |       |       |       |       |   301 |  1126 ||  1427
  Dodge: Dodged            |    47 |    95 |   147 |   322 |   556 |   768 ||  1935

Table legend: (Time is in decaauts)
 A = Elapsed time spent in this place.
 B = Non-inter-level travel time spent in this place.
 C = Inter-level travel time spent in this place.
 D = Time resting spent in this place.
 E = Time spent auto-exploring this place.
 F = Levels seen in this place.
 G = Mean time per level.
                   A        B        C        D        E       F      G
               +--------+--------+--------+--------+--------+-----+--------+
         Total |  29785 |  27834 |   1951 |   5284 |  15577 |  28 | 1063.8 |
       Dungeon |  17778 |  16655 |   1123 |   3441 |   9562 |  15 | 1185.2 |
        Temple |    100 |     55 |     45 |      0 |     49 |   1 |  100.0 |
          Lair |   6292 |   5837 |    455 |    846 |   3404 |   5 | 1258.4 |
   Spider Nest |   4445 |   4187 |    258 |    964 |   1852 |   4 | 1111.2 |
  Orcish Mines |   1106 |   1036 |     70 |     32 |    706 |   2 |  553.0 |
         Trove |     61 |     61 |      0 |      0 |      4 |   1 |   61.0 |
               +--------+--------+--------+--------+--------+-----+--------+

Top non-repeatable levels by time:
Spider:2: 2163 daAuts
  Lair:5: 1977 daAuts
    D:10: 1942 daAuts
     D:9: 1745 daAuts
    D:12: 1661 daAuts
     D:6: 1389 daAuts
    D:15: 1381 daAuts
    D:11: 1369 daAuts
    D:13: 1241 daAuts
  Lair:1: 1211 daAuts
  Lair:2: 1179 daAuts
  Lair:3: 1156 daAuts
     D:8: 1153 daAuts
Spider:1: 1051 daAuts
     D:7: 1048 daAuts
